 Dungeon Crawl Stone Soup version 0.30-a0-777-ga9a30cbeda (webtiles) character file.

Game seed: 6247251979969054523

61 Dustman the Chopper (level 3, 0/28 HPs)
             Began as a Demonspawn Gladiator on Feb 13, 2023.
             Slain by a gnoll
             ... wielding a +0 flail
              (5 damage)
             ... on level 2 of the Dungeon.
             The game lasted 00:07:52 (652 turns).

Dustman the Chopper (Demonspawn Gladiator)           Turns: 652, Time: 00:07:53

Health: 0/28       AC:  4    Str: 20    XL:     3   Next: 83%
Magic:  3/3        EV: 12    Int: 17    God:
Gold:   155        SH:  0    Dex: 14    Spells: 2/2 levels left

rFire   . . .      SeeInvis .    a - +0 war axe
rCold   . . .      Faith    .    (no shield)
rNeg    . . .      Spirit   .    b - +0 leather armour
rPois   .          Reflect  .    c - +0 helmet
rElec   .          Harm     .    (no cloak)
rCorr   .          Rampage  .    (no gloves)
Will    .....                    (no boots)
Stlth   ++                       (no amulet)
HPRegen 0.24/turn                i - +6 ring of intelligence
MPRegen 0.08/turn                o - +6 ring of strength

@: no status effects
A: claws 1, foul stench 1
a: no special abilities


You were on level 2 of the Dungeon.
You visited 1 branch of the dungeon, and saw 2 of its levels.

You collected 155 gold pieces.

Inventory:

Hand Weapons
 a - a +0 war axe (weapon)
 j - a +0 dagger of speed
Missiles
 d - 3 throwing nets (quivered)
 e - a javelin
Armour
 b - a +0 leather armour (worn)
 c - a +0 helmet (worn)
 h - a +0 ring mail
Jewellery
 i - a +6 ring of intelligence (left claw)
 o - a +6 ring of strength (right claw)
Scrolls
 k - 2 scrolls of teleportation {unknown}
 l - a scroll of amnesia {unknown}
 m - a scroll of blinking {unknown}
Potions
 f - a potion of brilliance {unknown}
 g - a potion of heal wounds {unknown}
 n - a potion of lignification {unknown}


   Skills:
 + Level 2.6 Fighting
 * Level 3.6 Axes
 - Level 1.7 Throwing
 - Level 2.6 Dodging
 + Level 1.5 Stealth


You had 2 spell levels left.
You didn't know any spells.
Your spell library contained the following spells:

 Spells                   Type           Power      Damage    Failure   Level
 Static Discharge         Conj/Air       0%         2-2/arc   38%         2
 Vhi's Electric Charge    Tloc/Air       0%         N/A       63%         3
 Arcjolt                  Conj/Air       0%         1d10      100%        5
 Lightning Bolt           Conj/Air       0%         1d11      100%        5


Dungeon Overview and Level Annotations

Branches:
Dungeon (2/15)

Altars:

Shops:
D:1 ?


Innate Abilities, Weirdness & Mutations

You have sharp fingernails.
You may rarely emit foul miasma when damaged in melee.


Message History

You barely miss the rat. The rat bites you but does no damage.
You barely miss the rat. The rat bites you but does no damage.
The rat completely misses you.
You slash the rat!
You kill the rat!
Found a scratched silver ring.
The ball python hisses angrily.
You hear a shout!
Found a shortbow.
A gnoll comes into view. It is wielding a +0 club.
You see here a +6 ring of strength.
o - a +6 ring of strength The ball python bites you but does no damage.
The ball python completely misses you.
You feel stronger.
o - a +6 ring of strength (right claw)
You completely miss the ball python. You claw the ball python.
You kill the ball python!
A frilled lizard comes into view.
A gnoll comes into view. It is wielding a +0 flail.
You barely miss the gnoll. The gnoll barely misses you.
You slash the gnoll!
The gnoll is severely wounded.
The gnoll hits you with a +0 club. The gnoll misses you.
You barely miss the gnoll.
The gnoll is severely wounded.
The gnoll hits you with a +0 club.
You emit a cloud of foul miasma!
You slash the gnoll!
You kill the gnoll!
There are monsters nearby!
You barely miss the frilled lizard. The frilled lizard barely misses you.
The gnoll hits you with a +0 flail!
* * * LOW HITPOINT WARNING * * *
The frilled lizard closely misses you.
The gnoll shouts!
You hit the gnoll.
The gnoll is heavily wounded.
You closely miss the frilled lizard.
A quokka comes into view.
The frilled lizard barely misses you. The gnoll hits you with a +0 flail.
You die...

####.##.#......... .#
..##..#...........).#
..###.###.#######...# #
........#.#######...##.#
........#.##............
........#.##...........#
........#.##.........#
..........##...g.....#
..........##...l@....#
...............##......#
.............°..........
.....##.....g..##......#
####.##........# ......#
.............#.####.#
.#.##..r...?..#.# #
..##.....g.....#
###..[.....#..


You could see 2 gnolls, a quokka (wandering) and a frilled lizard.

Vanquished Creatures
  A gnoll (D:2)
  A worm (D:2)
  A dart slug (D:1)
  4 orcs (D:2)
  An endoplasm (D:1)
  2 giant cockroaches (D:1)
  4 goblins (D:1)
  4 hobgoblins
  4 jackals
  4 ball pythons
  7 bats
  2 frilled lizards
  3 kobolds
  5 rats
43 creatures vanquished.

Notes
Turn   | Place    | Note
-------+----------+-------------------------------------------
     0 | D:1      | Dustman the Demonspawn Gladiator began the quest for the
                  | Orb.
     0 | D:1      | Reached XP level 1. HP: 16/16 MP: 1/1
    74 | D:1      | Reached skill level 3 in Axes
    74 | D:1      | Gained mutation: You have sharp fingernails. [demonic
                  | ancestry]
    74 | D:1      | Reached XP level 2. HP: 12/22 MP: 2/2
   103 | D:1      | Found Ramypsua's Magic Scroll Shop.
   167 | D:1      | Reached skill level 1 in Stealth
   324 | D:2      | Gained mutation: You may rarely emit foul miasma when
                  | damaged in melee. [demonic ancestry]
   324 | D:2      | Reached XP level 3. HP: 28/28 MP: 3/3
   652 | D:2      | Slain by a gnoll

Illustrated notes

Levels and vault maps discovered:
D:1:      lightli_iron_boxes, layout_basic, serial_shops, nicolae_shop_trees,
          minmay_distorted
D:2:      layout_basic, serial_shops, shop, bh_walls_and_bars

Skill      XL: |  1  2 |
---------------+-------+-----
Axes           | 3 |  3.6
Stealth        | 1 |  1.5
Fighting       | |  2.6
Throwing       | |  1.7
Dodging        | |  2.6

Action                     || total
---------------------------++-------
  Melee: War axe           ||   113
         Punch             ||     1
   Stab: Sleeping          ||     1
 Armour: Leather armour    ||    37
  Dodge: Dodged            ||    83

Table legend: (Time is in decaauts)
 A = Elapsed time spent in this place.
 B = Non-inter-level travel time spent in this place.
 C = Inter-level travel time spent in this place.
 D = Time resting spent in this place.
 E = Time spent auto-exploring this place.
 F = Levels seen in this place.
 G = Mean time per level.
                   A        B        C        D        E       F      G
               +--------+--------+--------+--------+--------+-----+--------+
         Total |    689 |    689 |      0 |     44 |     37 |   2 |  344.5 |
       Dungeon |    689 |    689 |      0 |     44 |     37 |   2 |  344.5 |
               +--------+--------+--------+--------+--------+-----+--------+

Top non-repeatable levels by time:
     D:2: 377 daAuts
     D:1: 311 daAuts
